 Dungeon Crawl Stone Soup version 0.28.0 (webtiles) character file.

Game seed: 9294316763816559575

60 horus123 the Cudgeller (level 4, -3/35 HPs)
             Began as a Human Chaos Knight on Feb 6, 2022.
             Was a Plaything of Xom.
             Killed from afar by an orc wizard (7 damage)
             ... with a magic dart
             ... on level 3 of the Dungeon.
             The game lasted 00:02:52 (1959 turns).

horus123 the Cudgeller (Human Chaos Knight)         Turns: 1959, Time: 00:02:52

Health: -3/35      AC:  6    Str: 12    XL:     4   Next: 24%
Magic:  4/4        EV: 11    Int: 14    God:    Xom [....*.]
Gold:   111        SH:  0    Dex: 13    Spells: 3/3 levels left

rFire   . . .      SeeInvis +   a - +1 mace (chaos)
rCold   . . .      Faith    .   (no shield)
rNeg    . . .      Spirit   .   b - +2 leather armour
rPois   .          Reflect  .   (no helmet)
rElec   .          Harm     .   (no cloak)
rCorr   .          Rampage  .   c - +0 pair of gloves
Will    .....                   (no boots)
Stlth   +.........              (no amulet)
HPRegen 0.11/turn               e - ring of see invisible
MPRegen 0.09/turn               (no ring)

@: cleaving
A: no striking features
a: Renounce Religion


You were on level 3 of the Dungeon.
You worshipped Xom.
You were a beloved toy of Xom.
You visited 1 branch of the dungeon, and saw 3 of its levels.

You collected 111 gold pieces.

Inventory:

Hand Weapons
 a - a +1 mace of chaos (weapon)
 f - a +0 glaive
Missiles
 d - 2 silver javelins (quivered)
Armour
 b - a +2 leather armour (worn)
 c - a +0 pair of gloves (worn)
Jewellery
 e - a ring of see invisible (left hand)
 h - a ring of flight
Scrolls
 j - 2 scrolls of identify {unknown}
 k - a scroll of summoning {unknown}
Potions
 i - a potion of haste {unknown}


   Skills:
 - Level 3.0 Fighting
 + Level 4.8 Maces & Flails
 - Level 2.0 Armour
 - Level 1.0 Dodging


You had 3 spell levels left.
You didn't know any spells.
Your spell library was empty.

Dungeon Overview and Level Annotations

Branches:
Dungeon (3/15)

Altars:

Shops:
D:1 [


Message History

The orc wizard gestures at you while chanting.
The magic dart hits the orc wizard!
The orc wizard hits you with a +0 dagger.
You barely miss the orc wizard.
The orc wizard is severely wounded.
The orc wizard hits you but does no damage.
You closely miss the orc wizard.
The orc wizard is severely wounded.
The orc wizard gestures at you while chanting.
The magic dart hits you.
You hit the orc wizard. You freeze the orc wizard.
You kill the orc wizard! "Go forth and destroy!"
Your +1 mace of chaos looks sharp.
The orc wizard points at you and mumbles some strange words.
The puff of flame hits you!
* * * LOW HITPOINT WARNING * * *
You swap places.
The orc wizard hits your white imp with a +0 dagger.
The orc wizard closely misses your white imp.
The orc wizard hits your white imp but does no damage.
The orc wizard barely misses your white imp.
The orc wizard barely misses your white imp.
The orc wizard barely misses your white imp.
The orc wizard hits your white imp but does no damage.
The orc wizard hits your white imp but does no damage.
The orc wizard points at you and mumbles some strange words.
Your white imp appears confused.
The orc wizard hits your white imp with a +0 dagger.
Your white imp hits you but does no damage.
The orc wizard hits your white imp with a +0 dagger.
The orc wizard hits your white imp with a +0 dagger.
Your white imp barely misses you.
The orc wizard hits your white imp with a +0 dagger.
Your white imp dies!
Your white imp disappears in a puff of smoke!
The orc wizard points at you and mumbles some strange words.
The magic dart hits you!
You die...
Xom thinks this is hilarious!

##### ....# ###.# ### #+##
#.# #.. #...# # #.# #.####
#..... ###.# #.##.##
#......
.##.######.#...####.......
................@.o)......
.##.######.#...####.......
###.# #.##.## #...... #
#.# #.#### #..... #.# #.#
#...# #.# ... #+## ###.#
... ....# ... #####


You could see an orc wizard (invisible).

Vanquished Creatures
  An orc wizard (D:3)
  An adder (D:3)
  2 worms (D:2)
  A dart slug (D:1)
  2 orcs (D:3)
  A bat (D:1)
  2 endoplasms (D:1)
  A giant cockroach (D:3)
  2 goblins
  4 hobgoblins
  A jackal (D:1)
  A quokka (D:2)
  2 ball pythons (D:1)
  A frilled lizard (D:1)
  6 kobolds
28 creatures vanquished.

Vanquished Creatures (others)
  A fungus (D:3)
1 creature vanquished.

Grand Total: 29 creatures vanquished

Notes
Turn   | Place    | Note
-------+----------+-------------------------------------------
     0 | D:1      | horus123 the Human Chaos Knight began the quest for the
                  | Orb.
     0 | D:1      | Reached XP level 1. HP: 18/18 MP: 1/1
   168 | D:1      | XOM: silly message
   306 | D:1      | XOM: silly message
   377 | D:1      | Found a faded altar of an unknown god.
   442 | D:1      | XOM: silly message
   559 | D:1      | XOM: potion effect (invisibility)
   565 | D:1      | Reached XP level 2. HP: 24/24 MP: 2/2
   643 | D:1      | XOM: god gift: glaive {god gift}
  1049 | D:1      | Found Enyfrale's Armour Shop.
  1215 | D:2      | Reached skill level 4 in Maces & Flails
  1215 | D:2      | Reached XP level 3. HP: 29/29 MP: 3/3
  1241 | D:2      | XOM: cloud trail
  1405 | D:2      | XOM: butterfly on damage
  1514 | D:2      | XOM: cloud trail
  1938 | D:3      | Reached XP level 4. HP: 13/35 MP: 4/4
  1941 | D:3      | XOM: summons friendly white imp
  1944 | D:3      | XOM: cleaving
  1959 | D:3      | Killed from afar by an orc wizard

Illustrated notes

Levels and vault maps discovered:
D:1:      dpeg_arrival_brainrot, layout_loops_ring,
          hellmonk_ecumenical_altar_slurped_away, serial_shops,
          nicolae_shop_behind_doors, serial_bayou_pond_a, minmay_pentomino_w2
D:2:      layout_basic, basic_altar
D:3:      layout_loops_corners, uniq_terence, uniq_grinder,
          uniq_crazy_yiuf_cottage

Skill      XL: |  1  2 |
---------------+-------+-----
Maces & Flails | 4 |  4.8
Fighting       | |  3.0
Armour         | |  2.0
Dodging        | |  1.0

Action                   |  1- 3 |  4- 6 || total
-------------------------+-------+-------++-------
Melee: Mace              |    67 |     6 ||    73
       Glaive            |    19 |       ||    19
  Use: Scroll            |     1 |       ||     1
       Potion            |       |     1 ||     1
 Stab: Sleeping          |     2 |       ||     2
Armor: Leather armour    |    33 |     5 ||    38
Dodge: Dodged            |    53 |     1 ||    54
